Description

Just a generic opening BO for me to practice.

Build Order

Get SALT Encoding   

  13  0:18  Overlord  
  16  1:11  Hatchery  
  18  1:32  Extractor  
  17  1:49  Spawning Pool  
  21  2:58  Queen x2  As Pool Finishes
  25  3:03  Zergling x4  As Pool Finishes
  27  3:23  Overlord  
  32  4:20  Queen x2  
  36  4:29  Overlord x2  
  42  5:48  Lair  
  42  5:51  Evolution Chamber  
  42  5:54  Extractor x2  
  42  6:07  Roach Warren  
  44  7:12  Glial Reconstitution  As Lair Finishes
  44  7:18  Zerg Missile Weapons Level 1  As Lair Finishes
  44  7:24  Roach  
Spawning Tool Build Advisor. Get it on Overwolf

Go to:

Details

  • Created by: b0ats
  • Published on: Jun 09, 2020
  • Modified on: Jun 10, 2020
  • Patch: 4.11.0
  • Difficulty: Easy
Show
View Real Time Build Order
Export as new Build Order

Comments (0)

There are no comments. Be the first!

Create an account to comment!